 Dungeon Crawl Stone Soup version 0.20.1-1-g8b1a95d (webtiles) character file.

7396 Gelerth the Geomancer (level 11, 0/57 HPs)
             Began as a Gargoyle Earth Elementalist on Sept 8, 2017.
             Was a Believer of Vehumet.
             Slain by an ice beast (1 damage)
             ... summoned by a deep elf mage
             ... in a bailey on Sept 11, 2017.
             The game lasted 01:41:03 (7249 turns).

Gelerth the Geomancer (Gargoyle Earth Elementalist) Turns: 7249, Time: 01:41:08

Health: 0/57       AC: 14    Str: 12    XL:     11   Next: 14%
Magic:  23/25      EV: 12    Int: 27    God:    Vehumet [**....]
Gold:   230        SH:  4    Dex:  7    Spells: 5/30 levels left

rFire    . . .     SeeInvis .   S - +7 whip of Ywnui {flame, +Blink Int+2}
rCold    . . .     Gourm    .   a - +0 buckler
rNeg     + . .     Faith    .   A - +2 robe
rPois    ∞         Spirit   .   t - +0 helmet
rElec    +         Reflect  .   U - +0 cloak
rCorr    .         Harm     .   n - +0 pair of gloves
MR       .....                  (no boots)
Stlth    ++........             C - amulet of regeneration
Regen    0.6/turn               g - +3 ring of intelligence
MPRegen  0.2/turn               f - ring of the Jester {rElec rPois Int+3 Dex-3}

@: hasted, very quick
A: negative energy resistance 1, electricity resistance, unbreathing,
petrification resistance, rot immunity, AC +7
a: Renounce Religion, Evoke Blink


You were in a bailey.
You worshipped Vehumet.
Vehumet was pleased with you.
You were not hungry.

You visited 2 branches of the dungeon, and saw 10 of its levels.
You also visited: Sewer and Bailey.

You collected 438 gold pieces.
You spent 208 gold pieces at shops.

Inventory:

Hand Weapons
 J - a +0 morningstar
 S - the +7 whip of Ywnui (weapon) {flame, +Blink Int+2}
   (You found it on level 9 of the Dungeon)

   It has been specially enchanted to burn those struck by it, causing extra
   injury to most foes and up to half again as much damage against particularly
   susceptible opponents.
   It affects your intelligence (+2).
   It lets you blink.
Missiles
 b - 107 stones (quivered)
Armour
 a - a +0 buckler (worn)
 n - a +0 pair of gloves (worn)
 t - a +0 helmet (worn)
 w - a +2 leather armour of magic resistance
 A - a +2 robe (worn)
 U - a +0 cloak (worn)
Jewellery
 f - the ring of the Jester (right hand) {rElec rPois Int+3 Dex-3}
   (You found it on level 4 of the Dungeon)

   [ring of poison resistance]

   It affects your intelligence (+3).
   It affects your dexterity (-3).
   It insulates you from electricity.
   It protects you from poison.
 g - a +3 ring of intelligence (left hand)
 i - a +1 ring of evasion
 x - an uncursed amulet of the gourmand
 C - an amulet of regeneration (around neck)
 I - a +5 amulet of reflection
Wands
 m - a wand of flame (8/48)
 z - a wand of polymorph (4/24)
 E - a wand of enslavement (7/24)
 L - a wand of polymorph (24/24)
 R - a wand of iceblast (13/15)
Scrolls
 j - 2 scrolls of remove curse
 l - a scroll of fog
 y - 3 scrolls of amnesia
 F - 2 scrolls of recharging
 G - 2 scrolls of teleportation
Potions
 c - 2 potions of flight
 h - 3 potions of ambrosia
 p - 2 potions of cancellation
 r - 3 potions of might
 u - 3 potions of brilliance
 v - 8 potions of curing
 D - a potion of magic
 H - a potion of agility
 K - a potion of haste
 O - a potion of lignification {unknown}
Books
 e - a book of Geomancy

   Spells                             Type                      Level
   a - Sandblast                      Earth                        1
   b - Passwall                       Transmutation/Earth          2
   c - Stone Arrow                    Conjuration/Earth            3
   d - Petrify                        Transmutation/Earth          4
   e - Lee's Rapid Deconstruction     Earth                        5
 M - a book of Minor Magic

   Spells                             Type                      Level
   a - Magic Dart                     Conjuration                  1
   b - Blink                          Translocation                2
   c - Call Imp                       Summoning                    2
   d - Slow                           Hexes                        2
   e - Conjure Flame                  Conjuration/Fire             3
   f - Mephitic Cloud                 Conjuration/Poison/Air       3
 N - a book of Necromancy

   Spells                             Type                      Level
   a - Pain                           Necromancy                   1
   b - Animate Skeleton               Necromancy                   1
   c - Vampiric Draining              Necromancy                   3
   d - Regeneration                   Charms/Necromancy            3
   e - Animate Dead                   Necromancy                   4
   f - Control Undead                 Necromancy                   4
Miscellaneous
 T - a crystal ball of energy
Comestibles
 d - 6 bread rations
 k - 4 meat rations
 o - a fruit
 q - 3 chunks of flesh
 s - 3 royal jellies


   Skills:
 + Level 2.1 Fighting
 * Level 3.3 Maces & Flails
 + Level 3.2 Dodging
 + Level 3.1 Stealth
 + Level 4.6 Shields
 * Level 10.1 Spellcasting
 + Level 4.5 Conjurations
 + Level 1.0 Summonings
 + Level 1.1 Transmutations
 + Level 11.8 Earth Magic
 + Level 0.3 Evocations


You had 5 spell levels left.
You knew the following spells:

 Your Spells              Type           Power        Failure   Level  Hunger
a - Passwall              Tmut/Erth      #####.....   1%          2    None
e - Petrify               Tmut/Erth      #####...     3%          4    None
f - Conjure Flame         Conj/Fire      ####....     4%          3    None
q - Sandblast             Erth           ######       1%          1    None
r - Lee's Rapid Deconstr  Erth           ######....   1%          5    ####...
s - Call Imp              Summ           ###.....     4%          2    None
t - Blink                 Tloc           N/A          6%          2    None
w - Stone Arrow           Conj/Erth      ######       1%          3    None
y - Regeneration          Chrm/Necr      ##........   13%         3    None


Dungeon Overview and Level Annotations

Branches:
Dungeon (9/15)             Temple (1/1) D:5
   Lair: D:8-11         Orc: D:9-12

Altars:
Ashenzari
Fedhas
Gozag
Hepliaklqana
Kikubaaqudgha
Makhleb
Nemelex Xobeh
Okawaru
Trog
Uskayaw
Vehumet
Xom
Yredelemnul
Zin
The Shining One

Shops:
D:6 =[*   D:7 !

Annotations:
D:8 2 transporters


Innate Abilities, Weirdness & Mutations

You are resistant to torment.
Your stone body is resilient. (AC +7)
You are immune to poison.
You resist negative energy. (rN+)
You are resistant to electric shocks. (rElec)
You can survive without breathing.
You are immune to petrification.
You are immune to rotting.


Message History

b - 108 stones The ice beast barely misses you.
Casting: Sandblast
Confirm with . or Enter, or press ? or * to list all spells.
Aiming: Sandblast
Press: ? - help, Shift-Dir - straight line, f/p - deep elf mage
Aim: a deep elf mage, wielding a dagger (severely wounded)
The blast of sand hits the deep elf mage.
The deep elf mage is severely wounded.
b - 107 stones The deep elf mage hits you but does no damage.
The ice beast hits you but does no damage. x2
You hit the deep elf mage. You burn the deep elf mage.
The deep elf mage is almost dead.
The ice beast hits you but does no damage.
The deep elf mage points at you and mumbles some strange words.
The shard of ice hits you!
* * * LOW HITPOINT WARNING * * *
The ice beast hits you.
You die...

##....#....#
#....Y#.....#
#..∩.e#.....#
#.....#.....#
###...###...##
##..##'######.
#....##...##
..
#.)..#..YY.#
##..##..e@)#
######.Y.##
#####


You could see a deep elf mage and 3 ice beasts.

Vanquished Creatures
  Erica (D:8)
  A two-headed ogre (D:8)
  5 deep elf magi (Bailey)
  Maurice (D:9)
  Sigmund (D:2)
  2 hungry ghosts (D:9)
  Eustachio (D:6)
  Menkaure (D:5)
  Duvessa (D:4)
  A necrophage (D:5)
  An orc warrior (D:7)
  6 sky beasts
  An ice beast (D:5)
  3 ogres
  2 centaurs (D:7)
  4 big kobolds
  Blork the orc (D:5)
  3 bullfrogs
  A water moccasin zombie (D:7)
  Dowan (D:4)
  A scorpion (D:7)
  4 wights (D:7)
  2 howler monkeys (D:9)
  3 crimson imps
  5 orc priests
  2 hounds
  A bullfrog skeleton (D:5)
  7 iguanas
  3 worker ants
  2 orc wizards
  A hound zombie (D:9)
  A worker ant zombie (D:5)
  16 adders
  3 gnolls (D:4)
  9 river rats (Sewer)
  2 shadow imps
  An ooze (D:1)
  2 adder skeletons
  An adder zombie (D:5)
  5 worms
  A dart slug (D:2)
  4 leopard geckos
  16 orcs
  5 giant cockroaches
  17 goblins
  6 hobgoblins
  11 jackals
  4 quokkas
  6 ball pythons
  8 bats
  4 frilled lizards
  32 kobolds
  A quokka skeleton (D:5)
  A quokka zombie (D:7)
  20 rats
245 creatures vanquished.

Vanquished Creatures (collateral kills)
  An adder (D:9)
  4 kobolds (D:7)
5 creatures vanquished.

Vanquished Creatures (others)
  A jackal (D:3)
1 creature vanquished.

Grand Total: 251 creatures vanquished

Notes
Turn   | Place    | Note
-------+----------+-------------------------------------------
     0 | D:1      | Gelerth the Gargoyle Earth Elementalist began the quest for the Orb.
     0 | D:1      | Reached XP level 1. HP: 10/10 MP: 3/3
   205 | D:1      | Reached skill level 4 in Earth Magic
   215 | D:1      | Reached XP level 2. HP: 14/15 MP: 0/5
   307 | D:1      | Learned a level 2 spell: Passwall
   407 | D:1      | Reached XP level 3. HP: 10/19 MP: 1/6
   474 | D:1      | Learned a level 3 spell: Stone Arrow
   823 | D:2      | Noticed Sigmund
   894 | D:3      | Reached XP level 4. HP: 17/24 MP: 0/8
  1195 | D:3      | You fall through a shaft for 2 floors!
  1195 | D:5      | Entered Level 5 of the Dungeon
  1250 | D:4      | Reached skill level 5 in Earth Magic
  1261 | D:4      | Reached XP level 5. HP: 14/28 MP: 0/10
  1346 | D:4      | Got a smoking copper ring
  1347 | D:4      | Identified the ring of the Jester {rElec rPois Int+3 Dex-3} (You found it on level 4 of the Dungeon)
  1387 | D:4      | Learned a level 4 spell: Petrify
  1414 | D:4      | Found a glowing drain.
  1447 | Sewer    | Entered a sewer
  1519 | Sewer    | Noticed a big kobold
  1529 | Sewer    | Killed a big kobold
  1529 | Sewer    | Reached skill level 6 in Earth Magic
  1529 | Sewer    | Reached XP level 6. HP: 33/33 MP: 0/12
  2124 | Sewer    | Reached XP level 7. HP: 34/37 MP: 6/13
  2134 | Sewer    | Learned a level 5 spell: Lee's Rapid Deconstruction
  2285 | D:2      | Killed Sigmund
  2285 | D:2      | Reached skill level 7 in Earth Magic
  2523 | D:2      | Reached skill level 5 in Spellcasting
  2686 | D:3      | Found a sparkling altar of Nemelex Xobeh.
  2686 | D:3      | Found a glowing silver altar of Zin.
  2686 | D:3      | Found an ancient bone altar of Kikubaaqudgha.
  2690 | D:3      | Found a bloodstained altar of Trog.
  2856 | D:3      | Found a basalt altar of Yredelemnul.
  2861 | D:3      | Found a glowing golden altar of the Shining One.
  2862 | D:3      | Reached skill level 1 in Conjurations
  2865 | D:3      | Noticed an angel
  3076 | D:4      | Found an iron altar of Okawaru.
  3197 | D:4      | Noticed Dowan
  3198 | D:4      | Noticed Duvessa
  3310 | D:4      | Killed Duvessa
  3312 | D:4      | Killed Dowan
  3313 | D:4      | Reached skill level 1 in Maces & Flails
  3313 | D:4      | Reached XP level 8. HP: 34/42 MP: 6/16
  3863 | D:5      | Found a staircase to the Ecumenical Temple.
  3867 | Temple   | Entered the Ecumenical Temple
  3933 | Temple   | Became a worshipper of Vehumet
  4200 | D:5      | Noticed Blork the orc
  4202 | D:5      | Killed Blork the orc
  4328 | D:5      | Reached skill level 8 in Earth Magic
  4360 | D:5      | Reached skill level 1 in Shields
  4516 | D:5      | Noticed Menkaure
  4518 | D:5      | Killed Menkaure
  4749 | D:6      | Found a basalt altar of Yredelemnul.
  4779 | D:6      | Found Ykkirphya's Jewellery Emporium.
  4830 | D:6      | Found Cank's Assorted Antiques.
  4836 | D:6      | Bought a scroll of identify for 58 gold pieces
  4892 | D:6      | Reached skill level 9 in Earth Magic
  4892 | D:6      | Reached XP level 9. HP: 27/46 MP: 13/19
  4894 | D:6      | Found Hytot's Antique Armour Emporium.
  4953 | D:6      | Noticed Eustachio
  4966 | D:6      | Killed Eustachio
  4966 | D:6      | Reached skill level 1 in Fighting
  5147 | D:6      | Reached skill level 1 in Transmutations
  5210 | D:6      | Reached * piety under Vehumet
  5210 | D:6      | Offered knowledge of Sting by Vehumet.
  5744 | D:7      | Reached skill level 10 in Earth Magic
  5836 | D:7      | Learned a level 2 spell: Blink
  5839 | D:7      | Learned a level 2 spell: Call Imp
  5879 | D:7      | Found Cesahij's Distillery.
  5924 | D:7      | Bought a potion of haste for 150 gold pieces
  6173 | D:7      | Learned a level 3 spell: Regeneration
  6239 | D:8      | Reached ** piety under Vehumet
  6239 | D:8      | Offered knowledge of Shock by Vehumet.
  6440 | D:8      | Noticed Erica
  6449 | D:8      | Killed Erica
  6449 | D:8      | Reached XP level 10. HP: 52/52 MP: 12/22
  6475 | D:8      | Found a transporter.
  6476 | D:8      | Noticed a kobold demonologist
  6481 | D:8      | Noticed a kobold demonologist
  6489 | D:8      | Found a transporter.
  6514 | D:8      | Noticed a two-headed ogre
  6534 | D:8      | Killed a two-headed ogre
  6534 | D:8      | Reached skill level 11 in Earth Magic
  6959 | D:9      | Got a warped whip
  6960 | D:9      | Identified the +7 whip of Ywnui {flame, +Blink Int+2} (You found it on level 9 of the Dungeon)
  7001 | D:9      | Noticed Maurice
  7037 | D:9      | Killed Maurice
  7037 | D:9      | Reached skill level 1 in Summonings
  7129 | D:9      | Offered knowledge of Inner Flame by Vehumet.
  7138 | D:9      | Found a flagged portal.
  7147 | Bailey   | Entered a bailey
  7156 | Bailey   | Learned a level 3 spell: Conjure Flame
  7157 | Bailey   | Noticed a deep elf mage
  7166 | Bailey   | Killed a deep elf mage
  7175 | Bailey   | Noticed a deep elf mage
  7177 | Bailey   | Noticed a deep elf mage
  7179 | Bailey   | Killed a deep elf mage
  7180 | Bailey   | Noticed a deep elf mage
  7182 | Bailey   | Killed a deep elf mage
  7182 | Bailey   | Reached XP level 11. HP: 57/57 MP: 11/24
  7183 | Bailey   | Killed a deep elf mage
  7183 | Bailey   | Reached skill level 10 in Spellcasting
  7184 | Bailey   | Noticed a deep elf mage
  7189 | Bailey   | Noticed a deep elf mage
  7246 | Bailey   | Killed a deep elf mage
  7249 | Bailey   | HP: 1/57 [deep elf mage/shard of ice (23)]
  7249 | Bailey   | Slain by an ice beast

Skill      XL: |  1  2  3  4  5  6  7  8  9 10 11 |
---------------+----------------------------------+-----
Earth Magic    | 4 5 6 7 9 10 11 | 11.8
Spellcasting   | 3 4 5 6 8 9 10 | 10.1
Conjurations   | 1 3 4 |  4.5
Dodging        | 2 3 |  3.2
Maces & Flails | 1 2 3 |  3.3
Shields        | 2 3 4 |  4.6
Fighting       | 1 2 |  2.1
Transmutations | 1 |  1.1
Stealth        | 3 |  3.1
Summonings     | 1 |  1.0
Evocations     | |  0.3

Action                   |  1- 3 |  4- 6 |  7- 9 | 10-12 || total
-------------------------+-------+-------+-------+-------++-------
Melee: Unarmed           |     7 |       |       |       ||     7
       Club              |    26 |       |       |       ||    26
       Mace              |     3 |    40 |       |       ||    43
       Flail             |       |     1 |    56 |       ||    57
       Morningstar       |       |       |    68 |    39 ||   107
       Whip              |       |       |       |    40 ||    40
 Cast: Sandblast         |    48 |    85 |   142 |    57 ||   332
       Stone Arrow       |       |     5 |    22 |    16 ||    43
       Lee's Rapid Decon |       |       |    11 |     1 ||    12
       Passwall          |       |       |     6 |       ||     6
       Call Imp          |       |       |     6 |     4 ||    10
       Petrify           |       |       |     4 |     4 ||     8
       Blink             |       |       |       |     1 ||     1
       Regeneration      |       |       |       |     1 ||     1
       Conjure Flame     |       |       |       |     2 ||     2
Evoke: Wand              |       |     5 |       |     1 ||     6
  Use: Potion            |     1 |       |     1 |     7 ||     9
       Scroll            |       |     2 |     6 |     9 ||    17
 Stab: Sleeping          |       |       |     2 |     2 ||     4
       Petrified         |       |       |     1 |     7 ||     8
  Eat: Chunk             |       |     4 |    21 |     4 ||    29
       Bread ration      |       |       |       |     2 ||     2
       Fruit             |       |       |       |     1 ||     1
Armor: Robe              |    14 |    28 |    81 |   105 ||   228
       Skin              |     5 |       |       |       ||     5
Dodge: Dodged            |    38 |    50 |   117 |   120 ||   325
Block: Buckler           |       |       |    21 |    37 ||    58
